[Event "Titled Tuesday Blitz May 18 2021"]
[White "Asis Gargatagli, Hipolito"]
[Black "Martirosyan, Haik M."]
[WhiteFideId "2260735"]
[BlackFideId "13306553"]
[WhiteElo "2557"]
[BlackElo "2656"]
[Result "0-1"]
[Round "06"]
[TimeControl "180+1"]
[Date "2021.05.18"]
[WhiteClock "0:00:18"]
[BlackClock "0:01:12"]

1. e4 c6 2. d4 d5 3. f3 e6 4. Nc3 b6 5. Be3 Bb4 6. Ne2 Ba6 7. Qd2 Nf6 8. a3 Bxc3 9. Nxc3 Bxf1 10. Rxf1 O-O 11. O-O-O b5 12. g4 Nfd7 13. Kb1 a5 14. Qd3 Nb6 15. g5 Nc4 16. Bc1 b4 17. Na4 Nd7 18. b3 Nxa3+ 19. Bxa3 bxa3 20. h4 Rb8 21. Ka2 Qe7 22. f4 dxe4 23. Qxe4 Qd6 24. f5 Rfe8 25. g6 hxg6 26. fxg6 f5 27. Qe2 Rb4 28. Rxf5 Nf6 29. Rxf6 gxf6 30. Qh5 Re7 31. g7 Rxg7 32. Nc5 Rb8 33. Ne4 Qf4 34. Qe2 Qxh4 35. Rf1 Rf8 36. Qf3 f5 37. Nc5 Qxd4 38. Qe2 Qb2# 0-1


[Site "https://www.chess.com"]

[Event "Titled Tuesday Blitz May 18 2021"]
[White "Bronstein, Or"]
[Black "Grandelius, Nils"]
[WhiteFideId "2815770"]
[BlackFideId "1710400"]
[WhiteElo "2234"]
[BlackElo "2651"]
[Result "0-1"]
[Round "06"]
[TimeControl "180+1"]
[Date "2021.05.18"]
[WhiteClock "0:00:48"]
[BlackClock "0:01:25"]

1. d4 d5 2. c4 e6 3. Nc3 a6 4. cxd5 exd5 5. Bf4 Nf6 6. e3 Bd6 7. Bg5 Be6 8. Bd3 Nbd7 9. f4 h6 10. Bh4 g5 11. Bg3 gxf4 12. Bxf4 Qe7 13. Bxd6 Qxd6 14. Nf3 O-O-O 15. Rc1 Rde8 16. Qa4 Bg4 17. Kd2 Nb6 18. Qa5 Ne4+ 19. Nxe4 dxe4 20. Be2 exf3 21. gxf3 Bd7 22. Rc5 Kb8 23. Rhc1 Bc6 24. b4 Qxh2 25. Rxc6 bxc6 26. Rxc6 Re6 0-1


[Site "https://www.chess.com"]

[Event "Titled Tuesday Blitz May 18 2021"]
[White "Deac, Bogdan-Daniel"]
[Black "Pantsulaia, Levan"]
[WhiteFideId "1226380"]
[BlackFideId "13602071"]
[WhiteElo "2605"]
[BlackElo "2530"]
[Result "0-1"]
[Round "06"]
[TimeControl "180+1"]
[Date "2021.05.18"]
[WhiteClock "0:00:04"]
[BlackClock "0:00:12"]

1. e4 c5 2. Nf3 e6 3. g3 Nc6 4. Bg2 Nf6 5. Qe2 d6 6. O-O Be7 7. e5 dxe5 8. Nxe5 Nxe5 9. Qxe5 O-O 10. d3 Bd6 11. Qe2 Qc7 12. Nc3 Bd7 13. Bg5 Be5 14. Rfe1 Bd4 15. Bxf6 Bxf6 16. Ne4 Be7 17. a4 Rfd8 18. h4 h6 19. Qe3 Bc6 20. Nd2 Rd4 21. b3 Rad8 22. Bxc6 Qxc6 23. Nf3 R4d5 24. Qe4 Bf6 25. Rad1 Qc7 26. Kg2 Bc3 27. Re2 a6 28. Nd2 b5 29. axb5 axb5 30. Qf3 Rf5 31. Qg4 h5 32. Qe4 Rdd5 33. f4 Rd8 34. Nf3 Rfd5 35. Ng5 Rf5 36. Qf3 g6 37. Re4 Bf6 38. Rde1 Qa5 39. R1e2 Qc3 40. Nxe6 fxe6 41. Rxe6 Qd4 42. Re8+ Rxe8 43. Rxe8+ Kf7 44. Re4 Qd5 45. Qe2 Bd8 46. Kh2 Rf6 47. Re5 Re6 48. Qxh5 Qxe5 49. Qxe5 Rxe5 50. fxe5 Ke6 51. Kh3 Kf5 52. g4+ Kxe5 53. h5 g5 54. Kg3 Kd4 55. Kf3 Bf6 56. Ke2 Kc3 57. Kd1 Bg7 58. Kc1 b4 59. Kd1 Kb2 60. Kd2 Bc3+ 61. Kd1 Kb1 62. h6 Kb2 63. h7 Kb1 64. d4 Bxd4 65. Kd2 Kb2 66. Kd3 Bc3 67. Ke4 Kxc2 68. Kf5 c4 0-1


[Site "https://www.chess.com"]

[Event "Titled Tuesday Blitz May 18 2021"]
[White "Dvirnyy, Danyyil"]
[Black "Maghsoodloo, Parham"]
[WhiteFideId "817570"]
[BlackFideId "12539929"]
[WhiteElo "2531"]
[BlackElo "2601"]
[Result "1/2-1/2"]
[Round "06"]
[TimeControl "180+1"]
[Date "2021.05.18"]
[WhiteClock "0:00:19"]
[BlackClock "0:00:05"]

1. Nf3 d5 2. g3 c6 3. Bg2 Bf5 4. c4 e6 5. b3 Nd7 6. Bb2 h6 7. O-O Ngf6 8. d3 Be7 9. Nbd2 O-O 10. a3 a5 11. Qc2 Bh7 12. Bc3 b5 13. Ne5 Nxe5 14. Bxe5 Qb6 15. cxb5 cxb5 16. Qb2 Rfc8 17. Rac1 Qd8 18. Nf3 Qf8 19. Ra1 Nd7 20. Bd4 f6 21. Bh3 Qf7 22. Rfc1 Nf8 23. Rxc8 Rxc8 24. Rc1 Qe8 25. Bb6 a4 26. b4 Rc6 27. Bc5 e5 28. Bxe7 Rxc1+ 29. Qxc1 Qxe7 30. Qc6 Bg6 31. Qxd5+ Qf7 32. Qxf7+ Kxf7 33. Nd2 Ke7 34. f4 Kd6 35. Kf2 exf4 36. gxf4 Bf7 37. e4 g5 38. Ke3 Ng6 39. fxg5 hxg5 40. Bf1 Ne5 41. d4 Ng4+ 42. Ke2 Nxh2 43. Bg2 Bh5+ 44. Kd3 Bg6 45. Ke3 Ng4+ 46. Ke2 Nh6 47. Ke3 f5 48. e5+ Ke6 49. Bb7 f4+ 50. Kf3 Nf5 51. Bc8+ Kd5 52. Kg4 Nxd4 53. Kxg5 Be8 54. Kxf4 Nc2 55. Nb1 Kd4 56. Bf5 Ne3 57. e6 Nd5+ 58. Kg5 Ke5 59. Nd2 Ne3 60. Nf3+ Kd6 61. Bd3 Kxe6 62. Nd4+ Kd5 63. Nxb5 Bxb5 64. Bxb5 Nc2 65. Bxa4 Nxa3 66. Bc6+ Kxc6 67. b5+ Nxb5 1/2-1/2


[Site "https://www.chess.com"]

[Event "Titled Tuesday Blitz May 18 2021"]
[White "Erigaisi Arjun"]
[Black "Klimkowski, Jan"]
[WhiteFideId "35009192"]
[BlackFideId "21856222"]
[WhiteElo "2609"]
[BlackElo "1903"]
[Result "1-0"]
[Round "06"]
[TimeControl "180+1"]
[Date "2021.05.18"]
[WhiteClock "0:01:59"]
[BlackClock "0:01:02"]

1. b3 Nf6 2. Bb2 g6 3. g3 Bg7 4. Bg2 O-O 5. Nf3 c6 6. O-O d5 7. c4 Nbd7 8. Nc3 e5 9. d4 e4 10. Ne5 Re8 11. cxd5 cxd5 12. Nb5 Re6 13. Rc1 Ne8 14. Bh3 Rb6 15. Rxc8 Rxc8 16. Bxd7 Bxe5 17. Bxc8 Rxb5 18. dxe5 Qxc8 19. Qd4 b6 20. Rc1 Rc5 21. Rd1 Rc2 22. e6 f6 23. Qxd5 Rxb2 24. Qd7 1-0


[Site "https://www.chess.com"]

[Event "Titled Tuesday Blitz May 18 2021"]
[White "Firat, Burak"]
[Black "Chigaev, Maksim"]
[WhiteFideId "6305881"]
[BlackFideId "4108116"]
[WhiteElo "2531"]
[BlackElo "2646"]
[Result "0-1"]
[Round "06"]
[TimeControl "180+1"]
[Date "2021.05.18"]
[WhiteClock "0:00:05"]
[BlackClock "0:00:06"]

1. e4 c5 2. Nf3 e6 3. d4 cxd4 4. Nxd4 Nc6 5. Nc3 Qc7 6. g4 a6 7. g5 b5 8. a3 h6 9. Nxc6 dxc6 10. g6 fxg6 11. f4 e5 12. Rg1 Qf7 13. Be2 h5 14. fxe5 Bc5 15. Rf1 Qe7 16. Bf4 Be6 17. Qd3 g5 18. Bd2 Rd8 19. Qg3 g4 20. O-O-O Nh6 21. Bd3 Nf7 22. Ne2 h4 23. Qf4 Bxa3 24. Ba5 Rd7 25. c3 Bc5 26. b4 Ba7 27. Bc2 Qg5 28. Nd4 Rh6 29. Nxe6 Rxe6 30. Rxd7 Be3+ 31. Kb2 Bxf4 32. Rfd1 Bxe5 33. Bb3 Qf6 34. Bxe6 Qxe6 35. Ra7 Nd6 36. Ra8+ Kf7 37. Rxa6 Nc4+ 38. Kc2 Bf6 39. Ra7+ Kg6 40. Bc7 Qxe4+ 41. Kb3 Ne3 42. Rc1 Qd5+ 43. Ka3 Qd2 0-1


[Site "https://www.chess.com"]

[Event "Titled Tuesday Blitz May 18 2021"]
[White "Jobava, Baadur"]
[Black "dropstoneDP"]
[WhiteFideId "13601520"]
[WhiteElo "2748"]
[BlackElo "2904"]
[Result "1-0"]
[Round "06"]
[TimeControl "180+1"]
[Date "2021.05.18"]
[WhiteClock "0:00:19"]
[BlackClock "0:00:01"]

1. d4 f5 2. b3 Nf6 3. Bb2 e6 4. e3 d5 5. Nc3 Bd6 6. Qd2 O-O 7. f3 c6 8. Bd3 Qe7 9. Nge2 b6 10. O-O-O Na6 11. e4 fxe4 12. fxe4 dxe4 13. Nxe4 Nb4 14. Nxd6 Qxd6 15. Kb1 Nxd3 16. Qxd3 a5 17. Qg3 Qxg3 18. Nxg3 a4 19. Rhe1 Bd7 20. Rd2 Nd5 21. Ne4 Be8 22. Ng5 Bg6 23. Nxe6 Rfe8 24. Rde2 a3 25. Ba1 Nb4 26. Bc3 Nxc2 27. Rxc2 Ra7 28. Nf4 Rxe1+ 29. Bxe1 Re7 30. Bd2 Bf5 31. Kc1 Bxc2 32. Kxc2 g5 33. Nd3 Re2 34. Ne1 h6 35. Kd3 Rf2 36. Ke3 Rf1 37. Ke2 Rh1 38. h3 Kf7 39. Bb4 Ke6 40. Bxa3 Kd5 41. Bb2 Ke4 42. a4 h5 43. b4 g4 44. hxg4 hxg4 45. a5 bxa5 46. bxa5 Rh7 47. Nd3 Rh2 48. Nc5+ Kd5 49. Kf2 Kc4 50. a6 Rh7 51. Kg3 Rg7 52. Bc1 Re7 53. Bg5 Ra7 54. Bf6 1-0


[Site "https://www.chess.com"]

[Event "Titled Tuesday Blitz May 18 2021"]
[White "Karthikeyan, Murali"]
[Black "Van Foreest, Jorden"]
[WhiteFideId "5074452"]
[BlackFideId "1039784"]
[WhiteElo "2564"]
[BlackElo "2622"]
[Result "0-1"]
[Round "06"]
[TimeControl "180+1"]
[Date "2021.05.18"]
[WhiteClock "0:00:01"]
[BlackClock "0:00:06"]

1. e4 c6 2. Nc3 d5 3. d4 dxe4 4. Nxe4 Nd7 5. Bc4 Nb6 6. Bb3 Nf6 7. Nxf6+ exf6 8. Ne2 Bd6 9. O-O a5 10. a3 O-O 11. c4 Bc7 12. h3 Be6 13. Qd3 Qd7 14. Bf4 Bf5 15. Qc3 Rfe8 16. Bxc7 Qxc7 17. Rfe1 a4 18. Ba2 Rad8 19. Rad1 h6 20. Qa5 Bc2 21. Rd2 Bg6 22. Red1 Ra8 23. Qc3 Rad8 24. d5 c5 25. Bb1 Bxb1 26. Rxb1 Re4 27. Ng3 Rxc4 28. Qf3 Rf4 29. Qh5 Qe5 30. Rc1 Qxh5 31. Nxh5 Rd4 32. Rdc2 c4 33. Ng3 R8xd5 34. Nf1 Rd1 35. f3 Rxc1 36. Rxc1 Rd3 37. Kf2 Rb3 38. Rc2 c3 39. bxc3 Nc4 40. Nd2 Nxa3 41. Nxb3 Nxc2 42. Nc1 b5 43. Ke2 b4 44. Kd3 b3 0-1


[Site "https://www.chess.com"]

[Event "Titled Tuesday Blitz May 18 2021"]
[White "Matsenko, Andrei"]
[Black "Sanal, Vahap"]
[WhiteFideId "24146501"]
[BlackFideId "6300545"]
[WhiteElo "2228"]
[BlackElo "2507"]
[Result "1-0"]
[Round "06"]
[TimeControl "180+1"]
[Date "2021.05.18"]
[WhiteClock "0:01:41"]
[BlackClock "0:00:02"]

1. e4 e5 2. Nf3 Nc6 3. Bc4 Bc5 4. c3 Nf6 5. d4 exd4 6. e5 d5 7. Bb5 Ne4 8. cxd4 Bb6 9. h3 O-O 10. O-O f6 11. Bxc6 bxc6 12. Nc3 fxe5 13. Nxe4 dxe4 14. Qb3+ Qd5 15. Nxe5 Kh8 16. Be3 Bb7 17. Rac1 Rad8 18. Qxd5 cxd5 19. Rc2 Rd6 20. Rfc1 Kg8 21. b4 Re8 22. a4 a5 23. b5 h6 24. g4 Re7 25. Kg2 Rd8 26. Kg3 Rxe5 27. dxe5 d4 28. Bf4 g5 29. Bd2 Rf8 30. f4 e3 31. f5 d3 32. Bxe3 Bxe3 33. Rxc7 Bxc1 34. Rxc1 Rd8 35. Kf2 d2 36. Rd1 Rd4 37. Ke3 Re4+ 38. Kxd2 Rxe5 39. Kc3 Bg2 40. Rd8+ Kf7 41. b6 Re3+ 42. Kc4 Bf1+ 43. Kc5 Rc3+ 44. Kd6 Bg2 45. Rd7+ Kf6 46. Rh7 Rd3+ 47. Kc7 Rc3+ 48. Kb8 Ke5 49. Rxh6 Bxh3 50. Rxh3 Rxh3 51. b7 Kd6 52. Ka8 Rh8+ 53. b8=Q+ Rxb8+ 54. Kxb8 1-0


[Site "https://www.chess.com"]

[Event "Titled Tuesday Blitz May 18 2021"]
[White "Maze, Sebastien"]
[Black "Indjic, Aleksandar"]
[WhiteFideId "613762"]
[BlackFideId "911925"]
[WhiteElo "2462"]
[BlackElo "2643"]
[Result "0-1"]
[Round "06"]
[TimeControl "180+1"]
[Date "2021.05.18"]
[WhiteClock "0:00:02"]
[BlackClock "0:00:18"]

1. e4 e5 2. Nf3 Nc6 3. Bb5 a6 4. Ba4 Nf6 5. Nc3 b5 6. Bb3 Be7 7. Nd5 d6 8. a4 Na5 9. Nxf6+ Bxf6 10. Ba2 b4 11. d3 O-O 12. Nd2 Rb8 13. Nc4 Nc6 14. O-O Be6 15. Ne3 Bxa2 16. Rxa2 Bg5 17. b3 Bxe3 18. Bxe3 f5 19. exf5 Rxf5 20. Qg4 Qd7 21. Qc4+ d5 22. Qxa6 Rff8 23. d4 exd4 24. Bd2 Ne5 25. Raa1 Rb6 26. Qe2 Qf5 27. Rae1 Ng6 28. Qd3 c5 29. Re2 Qd7 30. Rfe1 Rbf6 31. f3 Qc8 32. Qb5 h5 33. Re8 Qc7 34. Rxf8+ Rxf8 35. Re8 Rxe8 36. Qxe8+ Kh7 37. Qe6 Qe5 38. Qxe5 Nxe5 39. Bf4 Nc6 40. Bd6 c4 41. Kf2 d3 42. bxc4 dxc2 43. Bf4 dxc4 0-1


[Site "https://www.chess.com"]

[Event "Titled Tuesday Blitz May 18 2021"]
[White "Mirzoev, Azer"]
[Black "Kuzubov, Yuriy"]
[WhiteFideId "13400304"]
[BlackFideId "14112906"]
[WhiteElo "2525"]
[BlackElo "2577"]
[Result "1-0"]
[Round "06"]
[TimeControl "180+1"]
[Date "2021.05.18"]
[WhiteClock "0:00:03"]
[BlackClock "0:00:07"]

1. d4 Nf6 2. Nf3 e6 3. Bg5 h6 4. Bh4 c5 5. e3 Nc6 6. c3 Qb6 7. Qb3 g5 8. Bg3 Qxb3 9. axb3 Ne4 10. Bc7 d6 11. dxc5 Nxc5 12. b4 Na6 13. Bxa6 bxa6 14. Nbd2 Kd7 15. Ba5 Bg7 16. O-O Bb7 17. Rfd1 Ke7 18. Nc4 g4 19. Ne1 d5 20. Nd2 h5 21. Nd3 Rag8 22. Nc5 Bc8 23. Bc7 h4 24. Nxa6 e5 25. b5 Nd8 26. Nb4 g3 27. fxg3 hxg3 28. h3 Ke6 29. Rxa7 Bh6 30. Re1 Nb7 31. Ra6+ Kd7 32. Nxd5 Rg6 33. Rxg6 fxg6 34. Ne4 Ke6 35. c4 Bd7 36. Nxg3 Bxb5 37. cxb5 Kxd5 38. e4+ Kc4 39. b6 Ra8 40. Ne2 Ra2 41. Rb1 Kd3 42. Ng3 Bf4 43. Nf1 Kc2 44. Re1 Kd3 45. g3 Bh6 46. h4 Rxb2 47. Rd1+ Kxe4 48. Rd7 Nc5 49. Rf7 Nd3 50. Bd8 Bf8 51. Rxf8 Nc1 52. Bc7 Ne2+ 53. Kg2 Nf4+ 54. Kg1 Nh3+ 55. Kh1 Kd3 56. g4 e4 57. Ng3 Nf2+ 58. Rxf2 Rxf2 59. b7 e3 60. b8=Q e2 61. Nxe2 Kxe2 62. Qb5+ Kf3 63. Qd5+ Kxg4 64. Qd4+ Kf3 65. Qd3+ Kg4 66. Qg3+ Kh5 67. Qg5# 1-0


[Site "https://www.chess.com"]

[Event "Titled Tuesday Blitz May 18 2021"]
[White "Mohammad Fahad, Rahman"]
[Black "Hansen, Eric"]
[WhiteFideId "10207791"]
[BlackFideId "2606771"]
[WhiteElo "2323"]
[BlackElo "2568"]
[Result "0-1"]
[Round "06"]
[TimeControl "180+1"]
[Date "2021.05.18"]
[WhiteClock "0:00:19"]
[BlackClock "0:00:19"]

1. e4 c5 2. Nf3 e6 3. d4 cxd4 4. Nxd4 a6 5. c4 Nf6 6. Nc3 Qc7 7. Be2 Bb4 8. O-O O-O 9. Bg5 Be7 10. Qd2 d6 11. Rac1 b6 12. Rfd1 Bb7 13. f3 Nbd7 14. Kh1 Rac8 15. Be3 Qb8 16. b4 Rfd8 17. Nb3 h5 18. Qe1 Ba8 19. Qf2 Rc7 20. Na4 b5 21. cxb5 axb5 22. Nc3 d5 23. exd5 Rxc3 24. Rxc3 Nxd5 25. Rxd5 Bxd5 26. a3 Bf6 27. Bd4 Bxb3 28. Rxb3 Bxd4 29. Qxd4 Nf6 30. Qb2 Qf4 31. Rd3 Rc8 32. Rc3 Rd8 33. Qc1 Qe5 34. Bxb5 Qxc3 0-1


[Site "https://www.chess.com"]

[Event "Titled Tuesday Blitz May 18 2021"]
[White "Molina, Roberto Junio Brito"]
[Black "Eljanov, Pavel"]
[WhiteFideId "2109450"]
[BlackFideId "14102951"]
[WhiteElo "2402"]
[BlackElo "2602"]
[Result "0-1"]
[Round "06"]
[TimeControl "180+1"]
[Date "2021.05.18"]
[WhiteClock "0:00:07"]
[BlackClock "0:00:09"]

1. d4 Nf6 2. Nf3 e6 3. e3 c5 4. Bd3 b6 5. O-O Bb7 6. Qe2 Be7 7. Nbd2 O-O 8. c3 Nc6 9. a3 d5 10. b4 c4 11. Bc2 b5 12. a4 a6 13. Ne5 Nxe5 14. dxe5 Ne4 15. Nxe4 dxe4 16. Qg4 Qd5 17. Rd1 Qxe5 18. Bd2 f5 19. Qe2 Rfd8 20. Be1 Bc6 21. axb5 axb5 22. Rxd8+ Rxd8 23. Rd1 Rd3 24. Bxd3 exd3 25. Qd2 Bd6 26. f4 Qe4 27. Bh4 h6 28. Re1 Kh7 29. h3 Bc7 30. Kh2 Bb6 31. Bg3 Qd5 32. Bh4 Bb7 33. Bg3 Qd8 34. Ra1 Qb8 35. Bf2 Be4 36. g4 Bb7 37. Rg1 Qc7 38. Be1 Qc6 39. Qf2 Qd7 40. Bd2 Be4 41. Qh4 Bd8 42. Qg3 Qf7 43. Qf2 Qa7 44. Be1 Qa1 45. Bd2 Qb2 46. Kg3 Bf6 47. h4 Bxc3 48. Bxc3 Qxc3 49. g5 h5 50. g6+ Kxg6 51. Kh3+ Kf7 52. Qg3 Qf6 53. Qe1 c3 54. Qa1 c2 55. Qa7+ Kg8 56. Qc5 d2 57. Qc8+ Kh7 58. Rg6 Qxg6 0-1


[Site "https://www.chess.com"]

[Event "Titled Tuesday Blitz May 18 2021"]
[White "Murzin, Volodar"]
[Black "Martinez Alcantara, Jose Eduardo"]
[WhiteFideId "44155573"]
[BlackFideId "3805662"]
[WhiteElo "2541"]
[BlackElo "2690"]
[Result "1-0"]
[Round "06"]
[TimeControl "180+1"]
[Date "2021.05.18"]
[WhiteClock "0:00:10"]
[BlackClock "0:00:08"]

1. e4 e5 2. Nf3 Nc6 3. Bb5 a6 4. Ba4 Nf6 5. O-O Nxe4 6. d4 Be7 7. Re1 b5 8. Rxe4 d5 9. Nxe5 Nxe5 10. Rxe5 bxa4 11. b3 O-O 12. Ba3 Bxa3 13. Nxa3 Re8 14. Qe1 Bf5 15. Qa5 Rxe5 16. dxe5 Qe7 17. Qxd5 Rd8 18. Qf3 Qxa3 19. Qxf5 Qxa2 20. Re1 g6 21. Qf6 Re8 22. Qc6 Rxe5 23. Rf1 axb3 24. Qxc7 Re8 25. Qc6 Rb8 26. Qd6 Ra8 27. Qc6 Rb8 28. Qd6 Rc8 29. cxb3 a5 30. Qb6 Qd2 31. g3 Qb4 32. Qxb4 axb4 33. Re1 Rc3 34. Re3 Kg7 35. Kf1 Rc1+ 36. Re1 Rc3 37. Re3 Rc1+ 38. Re1 Rxe1+ 39. Kxe1 Kf6 40. Ke2 Kf5 41. Kd3 Kg4 42. Kc4 Kf3 43. Kxb4 Kxf2 44. Kc3 f5 45. b4 g5 46. b5 f4 47. gxf4 gxf4 48. b6 f3 49. b7 Ke2 50. b8=Q f2 51. Qe5+ Kf3 52. Qf5+ Ke2 53. Qe4+ Kd1 54. Qf3+ Ke1 55. Qe3+ Kf1 56. Kd2 h5 57. Qh3+ Kg1 58. Qg3+ Kh1 59. Qxf2 h4 60. Qxh4 1-0


[Site "https://www.chess.com"]

[Event "Titled Tuesday Blitz May 18 2021"]
[White "Nakamura, Hikaru"]
[Black "Abdusattorov, Nodirbek"]
[WhiteFideId "2016192"]
[BlackFideId "14204118"]
[WhiteElo "2900"]
[BlackElo "2662"]
[Result "1/2-1/2"]
[Round "06"]
[TimeControl "180+1"]
[Date "2021.05.18"]
[WhiteClock "0:00:17"]
[BlackClock "0:00:20"]

1. Nf3 d5 2. e3 Nf6 3. c4 e6 4. Nc3 c5 5. cxd5 Nxd5 6. d4 Nc6 7. Bd3 cxd4 8. exd4 Bb4 9. Bd2 O-O 10. O-O Be7 11. a3 Nf6 12. Be3 b6 13. Qe2 Bb7 14. Rfd1 Nd5 15. Bd2 Bf6 16. Qe4 g6 17. Bh6 Re8 18. Qg4 Nce7 19. h4 Nf5 20. Bc1 h5 21. Qh3 Nxh4 22. Nxh4 Bxh4 23. Bb5 Rf8 24. Bh6 Bg5 25. Bxf8 Nf4 26. Qh2 Qxf8 27. Bf1 Rd8 28. g3 Nd5 29. Bg2 Bf6 30. Rd2 Bg7 31. Rad1 Nxc3 32. bxc3 Bxg2 33. Qxg2 Qxa3 34. Qc6 Qd6 35. Qxd6 Rxd6 36. c4 Kf8 37. c5 Rc6 38. d5 exd5 39. Rxd5 bxc5 40. Rd8+ Ke7 41. R1d7+ Ke6 42. Rxa7 Bd4 43. Re8+ Kf6 44. Ree7 c4 45. Rxf7+ Kg5 46. Rad7 c3 47. Kg2 c2 48. f4+ Kg4 49. Rd5 Rc5 50. Rd6 g5 51. Rxd4 gxf4 52. Rg7+ Kf5 53. Rxf4+ Ke6 54. Rg6+ Ke7 55. Rg7+ Ke6 56. Rf1 c1=Q 57. Rxc1 Rxc1 58. Rg5 h4 59. gxh4 Kf6 60. Rg3 Rc4 61. Kh3 Rc1 62. Kg4 Kg6 63. Rf3 Rg1+ 64. Rg3 Rxg3+ 65. Kxg3 Kh5 66. Kh3 Kh6 67. Kg4 Kg6 68. h5+ Kh6 69. Kh4 Kh7 70. Kg5 Kg7 71. h6+ Kh7 72. Kh5 Kh8 73. Kg6 Kg8 74. h7+ Kh8 75. Kh6 1/2-1/2


[Site "https://www.chess.com"]

[Event "Titled Tuesday Blitz May 18 2021"]
[White "Postny, Evgeny"]
[Black "Triapishko, Alexandr"]
[WhiteFideId "2804344"]
[BlackFideId "14122286"]
[WhiteElo "2537"]
[BlackElo "2490"]
[Result "1-0"]
[Round "06"]
[TimeControl "180+1"]
[Date "2021.05.18"]
[WhiteClock "0:01:00"]
[BlackClock "0:00:02"]

1. d4 Nf6 2. Nf3 e6 3. c4 d5 4. Bg5 Bb4+ 5. Nc3 h6 6. Bxf6 Qxf6 7. Qa4+ Nc6 8. e3 O-O 9. Rc1 dxc4 10. Bxc4 Bd7 11. Qc2 Bd6 12. O-O a6 13. Ne4 Qe7 14. a3 Rac8 15. Ba2 Rfd8 16. Rfd1 Nb8 17. Bb1 f5 18. Nc5 Bc6 19. Ba2 Bxf3 20. gxf3 Qg5+ 21. Kf1 Qh5 22. Bxe6+ Kh8 23. Qxf5 Qxh2 24. Bxc8 Rf8 25. Qh3 1-0


[Site "https://www.chess.com"]

[Event "Titled Tuesday Blitz May 18 2021"]
[White "Praggnanandhaa R"]
[Black "Sarana, Alexey"]
[WhiteFideId "25059530"]
[BlackFideId "24133795"]
[WhiteElo "2555"]
[BlackElo "2629"]
[Result "0-1"]
[Round "06"]
[TimeControl "180+1"]
[Date "2021.05.18"]
[WhiteClock "0:00:01"]
[BlackClock "0:00:04"]

1. d4 Nf6 2. Nf3 d5 3. Bf4 c5 4. e3 Nc6 5. Nbd2 Qb6 6. dxc5 Qxb2 7. Rb1 Qa3 8. c4 e6 9. Nd4 a6 10. N4b3 Bxc5 11. Nxc5 Qxc5 12. Be2 O-O 13. O-O Rd8 14. Qc1 h6 15. Bg3 d4 16. Nb3 Qf5 17. exd4 Nxd4 18. Nxd4 Rxd4 19. Bf3 e5 20. Rd1 Rxd1+ 21. Qxd1 e4 22. Qd8+ Kh7 23. Be2 b5 24. cxb5 axb5 25. Rxb5 Qe6 26. h3 Rxa2 27. Re5 Qc6 28. Qd1 Qc3 29. Kh2 Ra1 30. Rc5 Qb2 31. Qc2 Qxc2 32. Rxc2 Bf5 33. Be5 Ra5 34. Bxf6 gxf6 35. Rc7 Kg7 36. Rc3 Bg6 37. g4 Ra2 38. Re3 f5 39. Kg3 Kf6 40. Kf4 Ra5 41. Rb3 Ra2 42. Rb6+ Kg7 43. gxf5 Rxe2 44. fxg6 Rxf2+ 45. Kxe4 f6 46. Rb3 Kxg6 47. Rg3+ Kh5 48. Ke3 Rf5 49. Ke4 Rf1 50. Ke3 Kh4 51. Rg6 h5 52. Ke2 Rf5 53. Ke3 Kxh3 54. Rg7 h4 55. Rg6 Kh2 56. Ke2 h3 57. Ke3 Kh1 58. Ke2 h2 59. Ke3 Rg5 60. Rxf6 Kg2 61. Rf2+ Kh3 62. Kf4 Rg4+ 63. Kf3 h1=Q+ 0-1


[Site "https://www.chess.com"]

[Event "Titled Tuesday Blitz May 18 2021"]
[White "Salem, A.R. Saleh"]
[Black "Lazavik, Denis"]
[WhiteFideId "9301348"]
[BlackFideId "13515110"]
[WhiteElo "2659"]
[BlackElo "2436"]
[Result "1-0"]
[Round "06"]
[TimeControl "180+1"]
[Date "2021.05.18"]
[WhiteClock "0:00:12"]
[BlackClock "0:00:02"]

1. d4 Nf6 2. c4 e6 3. Nf3 d5 4. Nc3 Be7 5. Bg5 O-O 6. e3 Nbd7 7. Bd3 h6 8. Bh4 dxc4 9. Bxc4 a6 10. a4 b6 11. O-O Bb7 12. Qe2 c5 13. dxc5 Bxc5 14. Rfd1 Qe7 15. e4 g5 16. Bg3 Rfd8 17. h3 Nf8 18. Ne5 Bd4 19. Bd3 Qc5 20. Nf3 Bxc3 21. bxc3 Nh5 22. Be5 Ng6 23. Bd4 Qc6 24. Bc2 Nhf4 25. Qe3 b5 26. h4 g4 27. Ne5 Qc7 28. Nxg6 Nxg6 29. Qxh6 e5 30. Be3 Qxc3 31. Bg5 Rxd1+ 32. Rxd1 Qxc2 33. Bf6 Qxd1+ 34. Kh2 g3+ 35. fxg3 Qh5 36. Qg7# 1-0


[Site "https://www.chess.com"]

[Event "Titled Tuesday Blitz May 18 2021"]
[White "Shahaliyev, Ismayil"]
[Black "Sevian, Samuel"]
[WhiteFideId "13406388"]
[BlackFideId "2040506"]
[WhiteElo "2105"]
[BlackElo "2971"]
[Result "1-0"]
[Round "06"]
[TimeControl "180+1"]
[Date "2021.05.18"]
[WhiteClock "0:00:06"]
[BlackClock "0:00:15"]

1. d4 Nf6 2. Nf3 d5 3. Bg5 Ne4 4. Bf4 c5 5. Nbd2 Nc6 6. e3 Nxd2 7. Qxd2 g6 8. Bb5 Bg7 9. c3 Qb6 10. Be2 O-O 11. O-O Bf5 12. h3 Rfe8 13. Rfd1 Rad8 14. Bg5 Be4 15. Bh4 h6 16. a4 Na5 17. dxc5 Qc7 18. Ra3 Nc4 19. Bxc4 dxc4 20. Qe1 Rxd1 21. Qxd1 Rd8 22. Qe2 Qxc5 23. Ra1 Rd3 24. Ne1 Rd7 25. Rd1 Bc6 26. Rxd7 Bxd7 27. Qd1 Qd6 28. Qxd6 exd6 29. a5 Kf8 30. Bd8 Bf5 31. Nf3 Ke8 32. Bc7 Kd7 33. Bb8 a6 34. Ba7 Be4 35. Nd4 g5 36. f3 Bd3 37. Kf2 h5 38. e4 h4 39. Nf5 Be5 40. Bd4 Kc6 41. Bxe5 dxe5 42. g3 hxg3+ 43. Kxg3 Kb5 44. Nd6+ Kxa5 45. Nxf7 Ka4 46. Nxg5 Kb3 47. h4 Kxb2 48. h5 a5 49. h6 a4 50. h7 a3 51. h8=Q a2 52. Qxe5 a1=Q 53. Ne6 Qg1+ 54. Kh4 Be2 55. Nd4 Bd1 56. Qf6 Qg8 57. e5 Kxc3 58. e6 Kd3 59. e7 Ba4 60. Nf5 Qd5 61. Qf8 c3 62. Qd8 Bd7 63. e8=Q c2 64. Qdxd7 Qxd7 65. Qxd7+ Kc3 66. Qc7+ Kd2 67. Qd6+ Ke2 68. Qe5+ Kd2 69. Qd4+ Ke2 70. Qe3+ 1-0


[Site "https://www.chess.com"]

[Event "Titled Tuesday Blitz May 18 2021"]
[White "Shipov, Sergei"]
[Black "Oparin, Grigoriy"]
[WhiteFideId "4113624"]
[BlackFideId "24125890"]
[WhiteElo "2765"]
[BlackElo "2628"]
[Result "1/2-1/2"]
[Round "06"]
[TimeControl "180+1"]
[Date "2021.05.18"]
[WhiteClock "0:00:20"]
[BlackClock "0:00:21"]

1. d4 d6 2. Nf3 Nf6 3. c4 Nbd7 4. Nc3 g6 5. e4 e5 6. Be2 Bg7 7. O-O O-O 8. Be3 a5 9. dxe5 Nxe5 10. Nxe5 dxe5 11. Qxd8 Rxd8 12. Rfd1 Be6 13. f3 c6 14. Na4 Rxd1+ 15. Rxd1 Nd7 16. b3 Bf8 17. Nb6 Nxb6 18. Bxb6 a4 19. Rd8 Rxd8 20. Bxd8 Bc5+ 21. Kf1 axb3 22. axb3 f5 23. Bd3 Kf7 24. Ke2 h6 25. Bc7 Bd4 26. f4 fxe4 27. Bxe4 exf4 28. Bxf4 g5 29. Bd6 Kf6 30. g3 g4 31. Bf4 h5 32. Be3 Be5 33. Kd3 h4 34. gxh4 Bxh2 35. Bg5+ Kf7 36. h5 Be5 37. Ke3 b5 38. Bxc6 bxc4 39. bxc4 Bxc4 40. Ke4 1/2-1/2


[Site "https://www.chess.com"]

[Event "Titled Tuesday Blitz May 18 2021"]
[White "Sjugirov, Sanan"]
[Black "Abdrlauf, Elham"]
[WhiteFideId "4189302"]
[BlackFideId "1533533"]
[WhiteElo "2472"]
[BlackElo "2326"]
[Result "1-0"]
[Round "06"]
[TimeControl "180+1"]
[Date "2021.05.18"]
[WhiteClock "0:00:12"]
[BlackClock "0:00:02"]

1. d4 Nf6 2. c4 e6 3. Nc3 d5 4. cxd5 exd5 5. Bg5 c6 6. e3 Bd6 7. Bd3 O-O 8. Qc2 h6 9. Bh4 Re8 10. Nge2 a5 11. a3 Na6 12. h3 Nc7 13. O-O Ne6 14. f4 Nf8 15. e4 dxe4 16. Nxe4 Be7 17. Nxf6+ Bxf6 18. Bf2 Ne6 19. Rad1 Nc7 20. Nc3 Nd5 21. Nxd5 Qxd5 22. Bc4 Bf5 23. Qb3 Qd7 24. d5 b5 25. Bd3 Bxd3 26. Rxd3 a4 27. Qd1 Bxb2 28. Qc2 Qf5 29. dxc6 Bf6 30. Rfd1 Qxf4 31. Bg3 Qc4 32. Rc1 Qxc2 33. Rxc2 Rac8 34. Rd5 b4 35. axb4 a3 36. Ra5 Ra8 37. Rxa8 Rxa8 38. c7 Rc8 39. Ra2 Bb2 40. Kf1 Kf8 41. b5 1-0


[Site "https://www.chess.com"]